 Dungeon Crawl Stone Soup version 0.21.0-25-ge575cb9 (webtiles) character file.

40 tidbits the Magician (level 3, -2/25 HPs)
             Began as a Gnoll Wizard on Jan 24, 2018.
             Slain by a worker ant (6 damage)
             ... on level 4 of the Dungeon.
             The game lasted 00:02:08 (189 turns).

tidbits the Magician (Gnoll Wizard)                  Turns: 189, Time: 00:02:09

Health: -2/25      AC:  2    Str:  8 (9)  XL:     3   Next: 50%
Magic:  11/11      EV: 14    Int: 20 (21) God:
Gold:   19         SH:  0    Dex: 13      Spells: 11/16 levels left

rFire    . . .     SeeInvis .   j - +1 hand axe (distort)
rCold    . . .     Gourm    .   (no shield)
rNeg     . . .     Faith    .   a - +0 robe
rPois    .         Spirit   .   b - +0 hat
rElec    .         Reflect  .   (no cloak)
rCorr    .         Harm     .   (no gloves)
MR       .....                  (no boots)
Stlth    +++.......             (no amulet)
HPRegen  0.08/turn              (no ring)
MPRegen  0.12/turn              (no ring)

@: no status effects
A: distributed training, fangs 1, strong nose
a: no special abilities


You were on level 4 of the Dungeon.
You were not hungry.

You visited 1 branch of the dungeon, and saw 4 of its levels.

You collected 19 gold pieces.

Inventory:

Hand Weapons
 j - a +1 hand axe of distortion (weapon)
   (You found it on level 2 of the Dungeon)
Missiles
 f - a throwing net (quivered) {!f}
Armour
 a - a +0 robe (worn)
 b - a +0 hat (worn)
Scrolls
 e - a scroll of remove curse {unknown}
 i - a scroll of immolation {unknown}
 k - a scroll of identify {unknown}
Potions
 h - a potion of degeneration
Books
 c - a book of Minor Magic

   Spells                             Type                      Level
   a - Magic Dart                     Conjuration                  1
   b - Blink                          Translocation                2
   c - Call Imp                       Summoning                    2
   d - Slow                           Hexes                        2
   e - Conjure Flame                  Conjuration/Fire             3
   f - Mephitic Cloud                 Conjuration/Poison/Air       3
Comestibles
 d - 5 rations


   Skills:
 + Level 0.8 Fighting
 + Level 0.8 Short Blades
 + Level 0.8 Long Blades
 + Level 0.8 Axes
 + Level 0.8 Maces & Flails
 + Level 0.8 Polearms
 + Level 0.8 Staves
 + Level 0.8 Slings
 + Level 0.8 Bows
 + Level 0.8 Crossbows
 + Level 0.8 Throwing
 + Level 0.8 Armour
 + Level 4.5 Dodging
 + Level 4.1 Stealth
 + Level 0.8 Shields
 + Level 0.8 Unarmed Combat
 + Level 7.1 Spellcasting
 + Level 2.1 Conjurations
 + Level 0.5 Hexes
 + Level 0.5 Charms
 + Level 2.1 Summonings
 + Level 0.5 Necromancy
 + Level 2.1 Translocations
 + Level 0.5 Transmutations
 + Level 0.5 Fire Magic
 + Level 0.5 Ice Magic
 + Level 0.5 Air Magic
 + Level 0.5 Earth Magic
 + Level 0.5 Poison Magic
 + Level 1.0 Invocations
 + Level 0.8 Evocations


You had 11 spell levels left.
You knew the following spells:

 Your Spells              Type           Power        Failure   Level  Hunger
a - Magic Dart            Conj           ###.         3%          1    None
b - Blink                 Tloc           N/A          6%          2    None
i - Call Imp              Summ           ###.....     6%          2    None


Dungeon Overview and Level Annotations

Branches:
Dungeon (4/15)
 Temple: D:4-7

Altars:

Annotations:
D:4 Eustachio


Innate Abilities, Weirdness & Mutations

Your experience applies equally to all skills.
You have very sharp teeth.
Your uncanny sense of smell can sniff out nearby items.


Message History

You see here a stone.
You see here a stone.
You see here a scroll labeled TAETSYONGA.
k - a scroll labeled TAETSYONGA
There is a stone staircase leading down here.
You climb downwards.
A worm, a worker ant and a skeleton come into view.
Found a scroll labeled VURIAN TYAF POF and 22 gold pieces.
Found an escape hatch in the ceiling.
There is a stone staircase leading up here.
A leopard gecko and Eustachio come into view.
It was a potion of degeneration.
There was something very wrong with that liquid.
You feel weakened.
You feel dopey.
You feel clumsy.
It was a potion of cancellation.
You feel magically purged. The quokka skeleton bites you.
The worker ant twitches its antennae in your direction.
You hit the worm but do no damage.
Space bends around the worm.
You bite the worm, but do no damage.
The worm is lightly wounded.
You hit the quokka skeleton.
Space bends around the quokka skeleton.
You destroy the quokka skeleton!
The worm bites you.
You hit the worm.
Space warps horribly around the worm!
You kill the worm!
The leopard gecko closely misses you.
You hit the leopard gecko but do no damage.
Space bends around the leopard gecko.
The leopard gecko is moderately wounded.
The leopard gecko barely misses you.
You hit the leopard gecko.
You kill the leopard gecko!
You hit the worker ant but do no damage.
Space warps horribly around the worker ant!
You kill the worker ant!
You feel your dexterity returning.
Your Invocations skill increases to level 1!
You have reached level 3!
Your experience leads to an increase in your attributes!
Your base attributes are Str 9, Int 20, Dex 13.
Increase (S)trength, (I)ntelligence, or (D)exterity?
You feel clever.
A worker ant comes into view.
The helpless Eustachio fails to defend himself.
You hit Eustachio.
Space warps horribly around Eustachio!
Eustachio is moderately wounded.
Eustachio mumbles some strange words.
You barely miss Eustachio.
Eustachio is moderately wounded.
The worker ant twitches its antennae in your direction.
You hit the shadow imp.
Space warps horribly around the shadow imp!
You kill the shadow imp!
Eustachio misses you.
You barely miss Eustachio.
Eustachio is moderately wounded.
You closely miss the shadow imp.
Eustachio mumbles some strange words.
The shadow imp spits at you. The shadow imp misses you.
You miss Eustachio.
Eustachio is moderately wounded.
You closely miss the shadow imp. You completely miss the rat.
The bat misses you. Eustachio misses you. The bat hits you.
The shadow imp hits you. The rat bites you but does no damage.
Eustachio hits you with an enchanted rapier!
You hit Eustachio but do no damage.
Eustachio looks slightly unstable.
Eustachio is moderately wounded.
You hit the shadow imp.
Space bends around the shadow imp.
You hit the rat but do no damage.
The rat looks slightly unstable.
You hit the bat.
Space warps horribly around the bat!
You kill the bat!
The bat's corpse disappears in a puff of smoke!
The shadow imp barely misses you. The rat closely misses you.
Eustachio hits you with an enchanted rapier.
* * * LOW HITPOINT WARNING * * *
The shadow imp hits you.
* * * LOW HITPOINT WARNING * * *
You hit Eustachio.
Space bends around Eustachio.
Eustachio is heavily wounded.
You hit the shadow imp but do no damage.
Space bends around the shadow imp.
You barely miss the rat. The rat closely misses you.
Eustachio closely misses you. The shadow imp barely misses you.
You hit Eustachio.
Space bends around Eustachio.
Eustachio is severely wounded.
You hit the shadow imp but do no damage.
Space warps horribly around the shadow imp!
You kill the shadow imp!
You barely miss the rat.
Eustachio disappears!
The rat disappears!
The worker ant completely misses you.
You hit the worker ant.
Space bends around the worker ant.
The worker ant is moderately wounded.
The worker ant bites you.
* * * LOW HITPOINT WARNING * * *
You hit the worker ant but do no damage.
Space bends around the worker ant.
The worker ant is heavily wounded.
The worker ant barely misses you. The worker ant bites you.
You die...

#.......
####......
#........
#.#.....##
........#####
#..........##
#.##§a.#......#
#....@.#...$..#
#####.##.....$#
######.##......#
#.?...†.<...##.
#...<..........#
#...............
#...............
#.............##
..##.........#.#


You could see a worker ant.

Vanquished Creatures
  A worker ant (D:4)
  A worm (D:4)
  A leopard gecko (D:4)
  A frilled lizard (D:3)
  A kobold (D:3)
  A quokka skeleton (D:4)
6 creatures vanquished.

Vanquished Creatures (others)
  An adder (D:3)
1 creature vanquished.

Grand Total: 7 creatures vanquished

Notes
Turn   | Place    | Note
-------+----------+-------------------------------------------
     0 | D:1      | tidbits the Gnoll Wizard began the quest for the Orb.
     0 | D:1      | Reached XP level 1. HP: 13/13 MP: 8/8
   145 | D:3      | Reached skill level 2 in Conjurations
   145 | D:3      | Reached skill level 2 in Summonings
   145 | D:3      | Reached skill level 2 in Translocations
   145 | D:3      | Reached XP level 2. HP: 19/19 MP: 10/10
   156 | D:3      | Learned a level 2 spell: Call Imp
   159 | D:3      | Learned a level 2 spell: Blink
   170 | D:4      | Noticed Eustachio
   178 | D:4      | Reached skill level 1 in Invocations
   178 | D:4      | Reached XP level 3. HP: 21/25 MP: 11/11
   189 | D:4      | Slain by a worker ant

Skill      XL: |  1  2 |
---------------+-------+-----
Conjurations   | 2 |  2.1
Summonings     | 2 |  2.1
Translocations | 2 |  2.1
Invocations    | 1 |  1.0
Fighting       | |  0.8
Short Blades   | |  0.8
Long Blades    | |  0.8
Axes           | |  0.8
Maces & Flails | |  0.8
Polearms       | |  0.8
Staves         | |  0.8
Slings         | |  0.8
Bows           | |  0.8
Crossbows      | |  0.8
Throwing       | |  0.8
Armour         | |  0.8
Dodging        | |  4.5
Stealth        | |  4.1
Shields        | |  0.8
Unarmed Combat | |  0.8
Spellcasting   | |  7.1
Hexes          | |  0.5
Charms         | |  0.5
Necromancy     | |  0.5
Transmutations | |  0.5
Fire Magic     | |  0.5
Ice Magic      | |  0.5
Air Magic      | |  0.5
Earth Magic    | |  0.5
Poison Magic   | |  0.5
Evocations     | |  0.8

Action                   || total
-------------------------++-------
Melee: Hand axe          ||    18
       Bite              ||     1
  Use: Potion            ||     2
 Stab: Sleeping          ||     3
Armor: Robe              ||     1
Dodge: Dodged            ||    17

Table legend:
 A = Turns spent in this place as a percentage of turns spent in the entire game.
 B = Non-inter-level travel turns spent in this place as a percentage of non-inter-level travel turns spent in the entire game.
 C = Inter-level travel turns spent in this place as a percentage of turns spent in this place.
 D = Turns resting spent in this place as a percentage of non-inter-level travel turns spent in this place.
 E = Turns spent auto-exploring this place as a percentage of non-inter-level travel turns spent in this place.
 F = Non-inter-level travel turns spent in this place divided by the number of levels of this place that you've seen.
                   A       B       C       D       E      F
               +-------+-------+-------+-------+-------+----------------------
         Total | 100.0 | 100.0 |   0.0 |   0.0 |   0.0 |  47.2
       Dungeon | 100.0 | 100.0 |   0.0 |   0.0 |   0.0 |  47.2
               +-------+-------+-------+-------+-------+----------------------

Table legend:
 A = Kills in this place as a percentage of kills in entire the game.
 B = Kills by you in this place as a percentage of kills by you in the entire game.
 C = Kills by friends in this place as a percentage of kills by friends in the entire game.
 D = Other kills in this place as a percentage of other kills in the entire game.
 E = Experience gained in this place as a percentage of experience gained in the entire game.
 F = Experience gained in this place divided by the number of levels of this place that you have seen.
                   A       B       C       D       E      F
               +-------+-------+-------+-------+-------+----------------------
         Total | 100.0 | 100.0 |   N/A | 100.0 | 100.0 |  14.5
       Dungeon | 100.0 | 100.0 |   N/A | 100.0 | 100.0 |  14.5
               +-------+-------+-------+-------+-------+----------------------

Vault maps used:
D:1:      ncdulo_lavacross
D:2:      guppyfry_early_lair_pool
D:3:      demons_altar
D:4:      nicolae_overflow_hidden_temple, elyvilon_altar_3, zin_academy,
          hangedman_abyss_or_decor_stabs, uniq_eustachio
